 Dungeon Crawl Stone Soup version 0.19.0-11-g3fc08b3 (webtiles) character file.

166 tomat the Magician (level 5, -1/31 HPs)
             Began as a High Elf Ice Elementalist on Nov 9, 2016.
             Slain by a worm (10 damage)
             ... in a sewer.
             The game lasted 00:23:48 (3566 turns).

tomat the Magician (High Elf Ice Elementalist)      Turns: 3566, Time: 00:23:49

Health: -1/31      AC:  2    Str:  5 (7)  XL:     5   Next: 22%
Magic:  1/12       EV: 13    Int: 18 (19) God:    Xom [.*....]
Gold:   99         SH:  0    Dex: 15 (16) Spells: 2 memorised, 9 levels left

rFire  . . .     SeeInvis .     (no weapon)
rCold  . . .     Gourm    .     j - +0 robe
rNeg   . . .     Faith    .     (no shield)
rPois  .         Spirit   .     (no helmet)
rElec  .         Reflect  .     (no cloak)
rCorr  .         Harm     .     (no gloves)
MR     .....                    (no boots)
Stlth  +.........               (no amulet)
                                (no ring)
                                (no ring)

@: very slightly contaminated
A: no striking features
a: Renounce Religion


You were in a sewer.
You worshipped Xom.
You were a plaything of Xom.
You were hungry.

You visited 1 branch of the dungeon, and saw 3 of its levels.
You also visited: Sewer.

You collected 99 gold pieces.

Inventory:

Hand Weapons
 a - a +0 vampiric dagger
Armour
 j - a +0 robe (worn)
Scrolls
 d - a scroll of enchant armour {unknown}
 e - 2 scrolls of teleportation
 h - 2 scrolls of identify
Potions
 k - a potion of degeneration
 l - a potion of curing
Books
 b - a book of Frost

   Spells                             Type                      Level
   a - Freeze                         Ice                          1
   b - Throw Frost                    Conjuration/Ice              2
   c - Ozocubu's Armour               Charms/Ice                   3
   d - Throw Icicle                   Conjuration/Ice              4
   e - Summon Ice Beast               Ice/Summoning                4
Comestibles
 c - 3 bread rations
 f - 4 chunks of flesh
 g - a beef jerky


   Skills:
 + Level 0.2 Fighting
 + Level 2.8 Dodging
 + Level 2.6 Stealth
 + Level 0.2 Unarmed Combat
 + Level 4.3 Spellcasting
 + Level 1.7 Conjurations
 + Level 4.1 Ice Magic


You had 9 spell levels left.
You knew the following spells:

 Your Spells              Type           Power        Failure   Level  Hunger
a - Freeze                Ice            ###.         2%          1    None
b - Throw Frost           Conj/Ice       ##....       8%          2    ##.....


Dungeon Overview and Level Annotations

Branches:
Dungeon (3/15)

Altars:
Cheibriados
Fedhas
Xom


Message History

Casting: Throw Frost
Confirm with . or Enter, or press ? or * to list all spells.
Aiming: Freeze
Press: ? - help, Shift-Dir - straight line, f/p - worm
Aim: a worm (severely wounded)
You freeze the worm.
You kill the worm!
The worm bites you.
You hit the worm.
The worm is lightly wounded.
The worm bites you!
You hit the worm but do no damage.
The worm is lightly wounded.
The worm bites you.
* * * LOW HITPOINT WARNING * * *
You enter the shallow water.
Moving in this stuff is going to be slow.
The worm bites you!
You die... "What!?
That's it?"

#≈≈... ≈≈≈# #≈≈.≈≈ #≈≈≈#
#≈≈≈≈. #≈≈≈# #≈≈≈≈#
#≈≈≈#
#≈≈≈≈###############≈≈≈#
#≈≈≈≈≈≈≈.≈≈≈.≈.≈≈≈≈≈≈≈≈#
#≈≈≈≈≈≈≈≈≈≈≈≈≈≈≈≈≈≈≈≈≈≈#
#≈≈≈≈≈.≈.≈≈≈≈≈≈≈≈≈≈≈≈≈≈#
#≈≈≈###≈≈≈####@≈####≈≈≈#
#≈≈≈# #.≈≈# #ww# #.≈≈#
#≈≈≈# #≈≈≈# #.≈# #.≈≈#
#≈≈.# #.≈≈# #..# #.≈.#
#≈≈≈# #≈≈≈# #†.# #.≈≈#
#≈≈.# #≈≈.##w'..+ #≈≈≈#
#≈≈≈# #≈≈.##.'..+ #≈≈.#
#≈≈.# #.#..# #≈≈≈# #≈≈≈#
###..# #≈≈≈#


You could see 2 worms.

Vanquished Creatures
  A hound (D:2)
  Jessica (D:2)
  An adder (D:2)
  2 oozes (D:1)
  5 worms
  3 dart slugs (D:2)
  2 leopard geckos
  A ball python (Sewer)
  5 giant cockroaches
  8 goblins
  10 hobgoblins
  3 jackals
  2 quokkas (D:2)
  8 bats
  5 frilled lizards
  7 kobolds
  8 rats
72 creatures vanquished.

Notes
Turn   | Place    | Note
-------+----------+-------------------------------------------
     0 | D:1      | tomat the High Elf Ice Elementalist began the quest for the Orb.
     0 | D:1      | Reached XP level 1. HP: 11/11 MP: 4/4
   187 | D:1      | Reached XP level 2. HP: 2/17 MP: 2/6
   462 | D:1      | Learned a level 2 spell: Throw Frost
   908 | D:1      | Reached XP level 3. HP: 21/21 MP: 3/8
  1475 | D:2      | Found a snail-covered altar of Cheibriados.
  1678 | D:2      | HP: 1/21 [poisoned by an adder]
  2099 | D:2      | Reached XP level 4. HP: 17/27 MP: 0/10
  2479 | D:2      | Found a shimmering altar of Xom.
  2492 | D:2      | Found a blossoming altar of Fedhas.
  2511 | D:2      | Became a worshipper of Xom of Chaos
  2526 | D:2      | XOM: harmless Divn miscast
  2716 | D:2      | Noticed Jessica
  2719 | D:2      | Killed Jessica
  2721 | D:2      | Reached XP level 5. HP: 31/31 MP: 3/12
  3333 | D:3      | Found a glowing drain.
  3355 | Sewer    | Entered a sewer
  3566 | Sewer    | Slain by a worm

Skill      XL: |  1  2  3  4 |
---------------+-------------+-----
Spellcasting   | 3 4 |  4.3
Ice Magic      | 4 |  4.1
Fighting       | |  0.2
Dodging        | |  2.8
Stealth        | |  2.6
Unarmed Combat | |  0.2
Conjurations   | |  1.7

Action                   |  1- 3 |  4- 6 || total
-------------------------+-------+-------++-------
Melee: Unarmed           |    23 |     8 ||    31
 Cast: Freeze            |    38 |     5 ||    43
       Throw Frost       |    44 |    54 ||    98
  Use: Scroll            |     6 |     2 ||     8
       Potion            |     1 |     4 ||     5
  Eat: Chunk             |     5 |     6 ||    11
Armor: Robe              |    12 |     5 ||    17
       Skin              |       |     1 ||     1
Dodge: Dodged            |    45 |    16 ||    61
